 Dungeon Crawl Stone Soup version 0.23.2 (webtiles) character file.

Game seed: 6154207358091362995

186970 teukkam the Fetichist (level 17, -1/110 HPs)
             Began as a Minotaur Fighter on Apr 4, 2019.
             Was the Champion of Dithmenos.
             Killed from afar by a starcursed mass (7 damage)
             ... with an accursed screaming
             ... on level 4 of the Abyss.
             The game lasted 03:02:46 (35173 turns).

teukkam the Fetichist (Minotaur Fighter)           Turns: 35173, Time: 03:02:47

Health: -1/110     AC: 25    Str: 31    XL:     17   Next: 15%
Magic:  14/29      EV: 10    Int:  3    God:    Dithmenos [******]
Gold:   161        SH: 12    Dex: 11    Spells: 16/16 levels left

rFire    + + +     SeeInvis +   a - +3 Elemental Staff {rElec rF++ rC++ MR++ AC+5}
rCold    + + +     Gourm    .   c - +0 shield
rNeg     . . .     Faith    +   w - +3 chain mail {rPois}
rPois    +         Spirit   .   (helmet restricted)
rElec    +         Reflect  .   j - +1 cloak
rCorr    .         Harm     .   P - +1 pair of gloves
MR       +++..     Rnd*Rage +   I - +0 pair of boots of Guonle {*Corrode rC+ Str+6} Stlth ..........Rnd*Tele +
                                G - amulet of faith
HPRegen  0.28/turn              R - ring of see invisible
MPRegen  0.21/turn              i - ring "Rexunu" {+Blink +Inv rPois rC+}

@: wreathed by umbra
A: retaliatory headbutt, horns 2, repulsion field 1, [berserk 1], [blurry vision
2], cold resistance 1, [dopey 1], fire resistance 1, [frail 2], sense
surroundings 1, [screaming 1], [teleportitis 3], [weak 1]
}: 2/15 runes: serpentine, barnacled
a: Shadow Step, Shadow Form, Renounce Religion, Evoke Blink, Evoke Invisibility


You were on level 4 of the Abyss.
You worshipped Dithmenos.
Dithmenos was exalted by your worship.
You were not hungry.

You visited 7 branches of the dungeon, and saw 33 of its levels.
You visited the Abyss 1 time.
You also visited: Bailey and Ice Cave.

You collected 3083 gold pieces.
You spent 2922 gold pieces at shops.

Inventory:

Hand Weapons
 a - the +3 Elemental Staff (weapon) {rElec rF++ rC++ MR++ AC+5}
   (You found it on level 6 of the Dungeon)

   It affects your AC (+5).
   It greatly protects you from fire.
   It greatly protects you from cold.
   It insulates you from electricity.
   It affects your resistance to hostile enchantments.
 b - a +0 blowgun
 q - the +8 whip "Ylosibu Ruwn" {freeze, +Blink Str+2 Int+2}
   (You found it on level 12 of the Dungeon)

   It has been specially enchanted to freeze those struck by it, causing extra
   injury to most foes and up to half again as much damage against particularly
   susceptible opponents.
   It can also slow down cold-blooded creatures.
   It affects your strength (+2).
   It affects your intelligence (+2).
   It lets you blink.
 M - the +9 great mace of Dominance {flame, rElec rF+ Dex+6}
   (You bought it in a shop on level 2 of the Orcish Mines)

   It has been specially enchanted to burn those struck by it, causing extra
   injury to most foes and up to half again as much damage against particularly
   susceptible opponents.
   It affects your dexterity (+6).
   It protects you from fire.
   It insulates you from electricity.
 O - the +8 hand axe of Uchus {vamp, rF+ MR+}
   (You found it on level 4 of the Dungeon)

   It inflicts no extra harm, but heals its wielder when it wounds a living foe.
   It protects you from fire.
   It affects your resistance to hostile enchantments.
Missiles
 n - 6 throwing nets
 x - 27 tomahawks of returning (quivered)
 W - 37 steel javelins
Armour
 c - a +0 shield (worn)
 j - a +1 cloak (worn)
 w - a +3 chain mail of poison resistance (worn)
 I - the +0 pair of boots of Guonle (worn) {*Corrode rC+ Str+6}
   (You bought it in a shop on level 4 of the Dungeon)

   It affects your strength (+6).
   It protects you from cold.
   It may corrode you when you take damage.
 P - a +1 pair of gloves (worn)
Jewellery
 i - the ring "Rexunu" (right hand) {+Blink +Inv rPois rC+}
   (You bought it in a shop on level 2 of the Orcish Mines)

   [ring of protection from cold]

   It protects you from cold.
   It protects you from poison.
   It lets you turn invisible.
   It lets you blink.
 A - an uncursed ring of stealth
 G - an amulet of faith (around neck)
 R - a ring of see invisible (left hand)
 Y - an uncursed ring of flight
Wands
 m - a wand of enslavement (2)
 t - a wand of digging (4)
 J - a wand of polymorph (30)
 K - a wand of paralysis (28)
 U - a wand of flame (23)
 X - a wand of random effects (20)
 Z - a wand of iceblast (41)
Scrolls
 k - 2 scrolls of blinking
 r - 10 scrolls of remove curse
 s - a scroll of immolation
 u - 6 scrolls of enchant weapon
 v - 10 scrolls of teleportation
 y - 7 scrolls of identify
 E - 2 scrolls of enchant armour
 F - a scroll of vulnerability
 L - a scroll of fear
 V - 5 scrolls of fog
Potions
 d - 3 potions of brilliance
 e - a potion of might
 p - 2 potions of cancellation
 D - 4 potions of lignification
 N - 3 potions of ambrosia
 S - 2 potions of resistance
Miscellaneous
 l - a lamp of fire
 o - a fan of gales
 z - a lightning rod (4/4)
 B - a box of beasts
 C - a crystal ball of energy
 Q - a fan of gales
 T - 2 phantom mirrors
Comestibles
 f - 26 rations


   Skills:
 - Level 9.3 Fighting
   Level 5.7 Short Blades
 - Level 8.8 Axes
 - Level 12.1 Staves
 + Level 11.4 Throwing
 - Level 9.3 Armour
 - Level 4.9 Stealth
 - Level 9.3 Shields
 * Level 19.5 Evocations


You had 16 spell levels left.
You didn't know any spells.
Your spell library contained the following spells:

 Spells                   Type           Power        Failure   Level  Hunger
 Animate Skeleton         Necr           N/A          99%         1    ##.....
 Apportation              Tloc           #.....       99%         1    ##.....
 Corona                   Hex            #......      99%         1    ##.....
 Infusion                 Chrm           #...         99%         1    ##.....
 Magic Dart               Conj           #...         99%         1    ##.....
 Pain                     Necr           #...         99%         1    ##.....
 Summon Butterflies       Summ           #.......     99%         1    ##.....
 Ensorcelled Hibernation  Hex/Ice        #.....       100%        2    ###....
 Searing Ray              Conj           #.....       100%        2    ###....
 Shroud of Golubria       Chrm/Tloc      #.........   100%        2    ###....
 Song of Slaying          Chrm           #.......     100%        2    ###....
 Confuse                  Hex            #.......     100%        3    ####...
 Dazzling Spray           Conj/Hex       #.....       100%        3    ####...
 Lesser Beckoning         Tloc           #.........   100%        3    ####...
 Mephitic Cloud           Conj/Pois/Air  #.......     100%        3    ####...
 Ozocubu's Armour         Chrm/Ice       #.......     100%        3    ####...
 Recall                   Summ/Tloc      N/A          100%        3    ####...
 Regeneration             Chrm/Necr      #.........   100%        3    ####...
 Spectral Weapon          Hex/Chrm       #.......     100%        3    ####...
 Tukima's Dance           Hex            #.......     100%        3    ####...
 Vampiric Draining        Necr           #.........   100%        3    ####...
 Animate Dead             Necr           N/A          100%        4    #####..
 Force Lance              Conj/Tloc      #.......     100%        4    #####..
 Fulminant Prism          Conj/Hex       #.........   100%        4    #####..
 Iskenderun's Mystic Bla  Conj           #.......     100%        4    #####..
 Alistair's Intoxication  Tmut/Pois      #.......     100%        5    ######.
 Borgnjor's Vile Clutch   Necr/Erth      #.........   100%        5    ######.
 Conjure Ball Lightning   Conj/Air       #.........   100%        6    #######
 Death Channel            Necr           #.........   100%        6    #######
 Invisibility             Hex            #.......     100%        6    #######
 Simulacrum               Ice/Necr       #.........   100%        6    #######
 Haunt                    Necr/Summ      #.........   100%        7    #######
 Borgnjor's Revivificati  Necr           #.........   100%        8    #######
 Death's Door             Chrm/Necr      #.........   100%        8    #######
 Infestation              Necr           #.........   100%        8    #######
 Necromutation            Tmut/Necr      #.........   100%        8    #######


Dungeon Overview and Level Annotations

Branches:
Dungeon (15/15)            Temple (0/1) D:7            Lair (6/6) D:9
 Shoals (4/4) Lair:4        Snake (4/4) Lair:3        Slime (0/5) Lair:5
    Orc (2/2) D:12            Elf (1/3) Orc:2        Vaults (0/5) D:14
 Depths (1/5) D:15

Altars:
Ashenzari
Cheibriados
Dithmenos
Gozag
Makhleb
Nemelex Xobeh
Qazlal
Trog
Vehumet
Zin
Beogh
Jiyva

Shops:
D:4 [   D:6 :   D:7 }   D:11 %   D:14 =   Orc:1 =[?%   Orc:2 *[=(   Snake:3 %

Annotations:
D:6 2 runed translucent doors


Innate Abilities, Weirdness & Mutations

You reflexively headbutt those who attack you in melee.
You have a pair of horns on your head.
You are surrounded by a mild repulsion field. (EV +2)
Your flesh is cold resistant. (rC+)
Your flesh is heat resistant. (rF+)
You passively map a small area around you.
[You tend to lose your temper in combat.]
[Scrolls take you longer to read.]
[You are dopey. (Int -2)]
[You are very frail. (-20% HP)]
[You occasionally shout uncontrollably at your foes.]
[You are often teleported next to monsters.]
[You are weak. (Str -2)]


Message History

[Y]es or [N]o only, please.
Really read with blurry vision while enemies are nearby? [Y]es or [N]o only, please.
Really read with blurry vision while enemies are nearby?
Okay, then.
Evoke which item? (* to show all) (? for menu, Esc to quit)
Aiming: Random Effects
Press: ? - help, Shift-Dir - straight line, f - lorocyproca
Aim: a lorocyproca (black smoke, moderately wounded, slightly transparent, umbra)
The lorocyproca resists with almost no effort.
The starcursed mass shrieks in your mind.
* * * LOW HITPOINT WARNING * * *
The lorocyproca hits you but does no damage.
A starcursed mass splits.
A large abomination comes into view.
You recover from your berserk rage.
The starcursed mass shrieks in your mind.
* * * LOW HITPOINT WARNING * * *
A chorus of shrieks assaults your mind.
You die...

.### . #.. . # .
...X# X #..# ##
.#.##. # .#. #.
#§X#. # #.#.. .#
#. ##§§§..## ... .
##.###§X#§..#
#.###.#..§§#§X##.#
#.@.##.#§## #§#.
#.##.......##X#..#
#...#.2.#.##.X. .#
###...#.##.##2
.#..#
##...#XX.X#.##.# .
###..##X#X.##.#..
##.#.##### ..# #.#
..# . . #...≈
.###.


You could see 2 starcursed masses, a lorocyproca (invisible) and a large
abomination.

Vanquished Creatures
  The ghost of Imimil the Devastator, an adept DrCj of Vehumet (Snake:1)
  4 nagarajas (Snake:4)
  2 orc warlords (Orc:1)
  A draconian scorcher (Abyss:4)
  A cacodemon (Abyss:4)
  A very ugly thing (D:12)
  An ophan (Abyss:4)
  3 merfolk javelineers (Shoals:4)
  5 merfolk impalers
  A fire dragon (Depths:1)
  2 ogre magi
  A great orb of eyes (Abyss:4)
  Harold (Lair:2)
  The ghost of grocchini the Lord of Darkness, a journeyman DsNe of Kikubaaqudgha (Lair:1)
  7 hydras
  4 naga warriors
  Erolcha (D:9)
  A merfolk avatar (Shoals:1)
  4 vault guards (D:14)
  The ghost of Pad the Geomancer, a journeyman GrEE of Vehumet (Lair:2)
  A merfolk aquamancer (Shoals:4)
  2 anacondas (Snake:3)
  11 two-headed ogres
  4 centaur warriors
  A satyr (Shoals:4)
  An alligator snapping turtle (Shoals:1)
  3 death yaks (Lair:6)
  3 thrashing horrors (Abyss:4)
  2 naga sharpshooters (Snake:4)
  4 orc high priests
  Urug (Orc:1)
  2 shock serpents (Snake:1)
  A wretched star (Abyss:4)
  2 sixfirhies (Abyss:4)
  2 flayed ghosts
  4 unseen horrors
  A deep elf archer (D:14)
  5 skeletal warriors (D:11)
  4 sea snakes
  Pikel (D:4)
  2 wizards (D:12)
  A wolf spider zombie (D:15)
  A harpy (D:8)
  A mana viper (Snake:1)
  6 orc knights
  2 large abominations (Abyss:4)
  A wolf spider (D:15)
  An orc sorcerer (Orc:2)
  23 ugly things
  6 deep elf magi
  2 cyclopes (Shoals:1)
  8 manticores
  5 salamanders
  2 worldbinders (Abyss:4)
  9 black mambas
  2 moths of wrath (Lair:1)
  3 merfolk sirens (Shoals:1)
  An elephant (Lair:6)
  2 ice statues (IceCv)
  A water nymph (Shoals:4)
  A guardian serpent (shapeshifter) (D:15)
  9 naga magi
  An orange demon (Abyss:4)
  Joseph (D:8)
  14 spiny frogs
  A smoke demon (Abyss:4)
  5 centaur skeletons
  A gargoyle (D:13)
  7 komodo dragons
  3 guardian serpents
  A rime drake (Lair:2)
  A spiny frog (shapeshifter) (D:14)
  A yaktaur (D:15)
  An efreet (Abyss:4)
  2 ice devils (Lair:6)
  A freezing wraith (D:14)
  11 merfolk
  4 trolls
  2 wind drakes
  3 hornets
  A harpy skeleton (D:15)
  A meliai zombie (D:15)
  Grinder (D:3)
  13 blink frogs
  6 slime creatures
  A raiju (Abyss:4)
  2 snapping turtles
  13 hippogriffs
  2 dream sheep
  5 spriggans (Lair:1)
  4 water elementals
  26 yaks
  7 wraiths
  5 fire bats (D:8)
  2 vampires
  7 wyverns
  2 basilisks
  2 hungry ghosts
  A vampire mosquito (D:14)
  A neqoxec (Abyss:4)
  10 wargs
  28 nagas
  4 acid dragons
  Duvessa (D:6)
  20 water moccasins
  8 porcupines
  36 orc warriors
  9 ice beasts
  4 sky beasts
  4 slaves (D:4)
  A small abomination (Abyss:4)
  6 phantoms
  13 ogres
  2 necrophages
  14 wolves
  12 centaurs
  An eye of draining (shapeshifter) (D:14)
  8 crocodiles
  A big kobold (D:13)
  A big kobold (shapeshifter) (D:14)
  22 bullfrogs
  A water moccasin zombie (D:5)
  A wyvern zombie (D:14)
  3 wyvern skeletons
  A scorpion (shapeshifter) (D:14)
  2 troll zombies (D:12)
  Dowan (D:6)
  A water moccasin skeleton (D:9)
  4 scorpions
  13 killer bees (D:8)
  3 electric eels
  4 howler monkeys
  A wight (D:9)
  9 crimson imps
  4 bullfrog zombies
  6 centaur zombies
  3 bullfrog skeletons
  7 hounds
  19 orc priests
  4 iguanas
  7 jellies
  32 orc wizards
  10 worker ants
  A killer bee zombie (D:7)
  6 ogre zombies (D:12)
  A hound zombie (D:9)
  2 hound skeletons
  A howler monkey zombie (D:7)
  A worker ant zombie (D:9)
  6 gnolls (D:6)
  3 howler monkey skeletons
  15 adders
  A river rat (D:12)
  2 shadow imps
  A white imp (Abyss:4)
  4 oozes
  11 worms
  7 dart slugs
  4 leopard geckos
  85 orcs
  30 bats
  5 giant cockroaches
  12 goblins
  4 hobgoblins
  11 jackals
  26 kobolds
  7 quokkas
  A ball python (D:1)
  7 frilled lizards
  4 goblin zombies (D:12)
  6 hobgoblin zombies (D:12)
  A jackal skeleton (D:4)
  2 orc skeletons (D:12)
  13 orc zombies (D:12)
  A quokka zombie (D:5)
  8 rats
979 creatures vanquished.

Vanquished Creatures (collateral kills)
  A nagaraja (Snake:4)
  A naga mage (Snake:4)
  A merfolk (Shoals:4)
  A naga (Snake:4)
4 creatures vanquished.

Vanquished Creatures (others)
  A manticore (Shoals:4)
  An apocalypse crab (Abyss:4)
  A raiju (Abyss:4)
  A snapping turtle (Shoals:4)
  A shadow (D:11)
  A small abomination (Abyss:4)
  A naga (Snake:4)
  An orc wizard (D:7)
  A shadow imp (Abyss:4)
  11 fungi
  14 plants
  4 tentacles (Shoals:1)
  5 toadstools (Depths:1)
43 creatures vanquished.

Grand Total: 1026 creatures vanquished

Notes
Turn   | Place    | Note
-------+----------+-------------------------------------------
     0 | D:1      | teukkam the Minotaur Fighter began the quest for the Orb.
     0 | D:1      | Reached XP level 1. HP: 19/19 MP: 0/0
   146 | D:1      | Reached XP level 2. HP: 27/27 MP: 1/1
   509 | D:2      | Reached XP level 3. HP: 33/33 MP: 2/2
   593 | D:3      | Reached XP level 4. HP: 30/41 MP: 3/3
   768 | D:4      | Got a smoking hand axe
   771 | D:4      | Identified the +8 hand axe of Uchus {vamp, rF+ MR+} (You
                  | found it on level 4 of the Dungeon)
   852 | D:4      | Reached XP level 5. HP: 47/47 MP: 4/4
   866 | D:4      | Found Megoyg's Armour Shop.
   921 | D:4      | Reached skill level 5 in Fighting
   921 | D:4      | Reached skill level 5 in Armour
   921 | D:4      | Reached skill level 5 in Shields
   991 | D:5      | Entered Level 5 of the Dungeon
  1017 | D:5      | Reached XP level 6. HP: 52/56 MP: 5/5
  1213 | D:6      | Reached skill level 5 in Axes
  1213 | D:6      | Reached XP level 7. HP: 55/62 MP: 6/6
  1218 | D:6      | Found Teup's Book Boutique.
  1252 | D:6      | Found a large runed translucent door.
  1252 | D:6      | Found a large runed translucent door.
  1292 | D:6      | Noticed a hippogriff
  1299 | D:6      | Killed a hippogriff
  1369 | D:6      | Found a large runed translucent door.
  1369 | D:6      | Found a large runed translucent door.
  2107 | D:2      | Found a faded altar of an unknown god.
  2138 | D:2      | Became a worshipper of Dithmenos the Shadowed
  2138 | D:2      | Reached * piety under Dithmenos
  3581 | D:3      | Reached XP level 8. HP: 71/71 MP: 7/7
  3623 | D:3      | Noticed Grinder
  3632 | D:3      | Killed Grinder
  3632 | D:3      | Reached skill level 1 in Short Blades
  3632 | D:3      | Reached skill level 1 in Stealth
  3644 | D:3      | Reached ** piety under Dithmenos
  3897 | D:4      | Noticed Pikel
  3918 | D:4      | Killed Pikel
  4339 | D:4      | Bought the cursed +0 pair of boots of Guonle {*Corrode rC+
                  | Str+6} for 247 gold pieces
  4678 | D:6      | Reached XP level 9. HP: 79/79 MP: 8/8
  4781 | D:7      | Found Naroomn's Gadget Boutique.
  4907 | D:7      | Reached *** piety under Dithmenos
  4928 | D:7      | Found a flagged portal.
  4937 | Bailey   | Entered a bailey
  5126 | Bailey   | Noticed an orc knight
  5345 | Bailey   | Reached skill level 1 in Throwing
  5351 | Bailey   | Killed an orc knight
  5641 | D:7      | Found a staircase to the Ecumenical Temple.
  5828 | D:7      | Reached **** piety under Dithmenos
  5831 | D:7      | Reached XP level 10. HP: 90/90 MP: 9/9
  5837 | D:7      | Identified Sif Muna's Collected Works on Aerial Protection
  6042 | D:8      | Noticed a two-headed ogre
  6065 | D:10     | Entered Level 10 of the Dungeon
  6185 | D:8      | Noticed a harpy
  6185 | D:8      | a queen bee changed into a harpy
  6192 | D:8      | Killed a harpy
  6203 | D:8      | Reached skill level 5 in Short Blades
  6356 | D:8      | Killed a two-headed ogre
  6904 | D:6      | Noticed Dowan
  6908 | D:6      | Noticed Duvessa
  6910 | D:6      | Killed Dowan
  6923 | D:6      | Killed Duvessa
  6972 | D:6      | Found a shadowy altar of Dithmenos.
  7266 | D:6      | Killed an unseen horror
  7298 | D:6      | Reached ***** piety under Dithmenos
  7303 | D:6      | Found the +3 Elemental Staff {rElec rF++ rC++ MR++ AC+5}
  7568 | D:8      | Noticed Joseph
  7590 | D:8      | Killed Joseph
  7590 | D:8      | Reached skill level 1 in Staves
  7590 | D:8      | Reached skill level 1 in Evocations
  7883 | D:8      | Found a stormy altar of Qazlal.
  7905 | D:8      | Reached XP level 11. HP: 97/97 MP: 11/11
  7918 | D:8      | Reached skill level 2 in Evocations
  7929 | D:8      | Found a runed translucent door.
  7936 | D:8      | Noticed a flayed ghost
  7974 | D:8      | Killed a flayed ghost
  8035 | D:8      | Found a shattered altar of Ashenzari.
  8055 | D:8      | Found a snail-covered altar of Cheibriados.
  8073 | D:8      | Reached skill level 3 in Evocations
  8082 | D:8      | Found a sparkling altar of Nemelex Xobeh.
  8101 | D:8      | Found a radiant altar of Vehumet.
  8162 | D:8      | Found a glowing silver altar of Zin.
  8302 | D:9      | Noticed Erolcha
  8318 | D:9      | Killed Erolcha
  8318 | D:9      | Reached skill level 5 in Staves
  8318 | D:9      | Reached skill level 4 in Evocations
  8552 | D:9      | Found a staircase to the Lair.
  8683 | D:9      | Reached skill level 5 in Evocations
  8803 | D:9      | Found a snail-covered altar of Cheibriados.
  8859 | D:9      | Noticed a two-headed ogre
  8872 | D:9      | Killed a two-headed ogre
  9265 | D:9      | Reached skill level 6 in Evocations
  9275 | D:9      | Reached ****** piety under Dithmenos
 10285 | D:11     | Noticed a green ugly thing
 10299 | D:11     | Killed a green ugly thing
 10593 | D:11     | Noticed a brown ugly thing
 10604 | D:11     | Killed a brown ugly thing
 10604 | D:11     | Reached XP level 12. HP: 104/104 MP: 16/16
 10663 | D:11     | Found Viub's Food Shoppe.
 10691 | D:11     | Reached skill level 7 in Evocations
 11040 | D:11     | Reached skill level 10 in Staves
 11076 | D:11     | Reached skill level 8 in Evocations
 11595 | Lair:1   | Entered Level 1 of the Lair of Beasts
 11793 | Lair:1   | Found a transporter.
 11793 | Lair:1   | Found a transporter.
 11795 | Lair:1   | Identified the cursed +2 spear "Worm's Wrath" {pierce, rC+
                  | MR+ Str+5}
 11798 | Lair:1   | Noticed grocchini's ghost (journeyman DsNe)
 11799 | Lair:1   | Found a bloodstained altar of Trog.
 11924 | Lair:1   | Reached skill level 9 in Evocations
 12157 | Lair:3   | Found a staircase to the Snake Pit.
 12290 | Lair:4   | Found a burning altar of Makhleb.
 12383 | Lair:4   | Noticed a six-headed hydra
 12409 | Lair:4   | Killed a six-headed hydra
 12409 | Lair:4   | Reached XP level 13. HP: 96/111 MP: 19/19
 12493 | Lair:4   | Reached skill level 10 in Evocations
 12608 | Lair:4   | Found a staircase to the Shoals.
 13032 | Snake:1  | Entered Level 1 of the Snake Pit
 13308 | Snake:1  | Found a runed translucent door.
 13308 | Snake:1  | Noticed Imimil's ghost (adept DrCj)
 13455 | Snake:2  | Reached skill level 11 in Evocations
 13515 | Snake:3  | Found Emopp's Food Shop.
 13825 | Snake:4  | Entered Level 4 of the Snake Pit
 14043 | Snake:4  | Reached skill level 12 in Evocations
 14757 | Snake:4  | Noticed a nagaraja
 14796 | Snake:4  | Killed a nagaraja
 14796 | Snake:4  | Reached skill level 13 in Evocations
 14816 | Snake:4  | Noticed a nagaraja
 15228 | Snake:4  | Noticed a nagaraja
 15255 | Snake:4  | Killed a nagaraja
 15771 | Snake:4  | Killed a nagaraja
 15771 | Snake:4  | Reached XP level 14. HP: 91/118 MP: 23/23
 15947 | Snake:4  | Noticed a nagaraja
 15958 | Snake:4  | Killed a nagaraja
 15972 | Snake:4  | Noticed a nagaraja
 16292 | Snake:4  | Killed a nagaraja
 16292 | Snake:4  | Reached skill level 14 in Evocations
 16392 | Snake:4  | Got a serpentine rune of Zot
 17335 | D:12     | Noticed a white very ugly thing
 17348 | D:12     | Killed a white very ugly thing
 17371 | D:12     | Got a scorched chain mail
 17386 | D:12     | Identified the cursed +0 chain mail of the Blind Marksman
                  | {rC+ Str+4 Slay+2} (You found it on level 12 of the
                  | Dungeon)
 17461 | D:12     | Got a jewelled whip
 17462 | D:12     | Identified the +8 whip "Ylosibu Ruwn" {freeze, +Blink Str+2
                  | Int+2} (You found it on level 12 of the Dungeon)
 17634 | D:12     | Found a staircase to the Orcish Mines.
 17700 | Orc:1    | Entered Level 1 of the Orcish Mines
 17738 | Orc:2    | Entered Level 2 of the Orcish Mines
 17740 | Orc:2    | Noticed Urug
 17745 | Orc:2    | Noticed an orc warlord
 17752 | Orc:2    | Found Vuaffuam's General Store.
 17767 | Orc:1    | Killed an orc warlord
 17767 | Orc:1    | Reached skill level 15 in Evocations
 17886 | Orc:1    | Killed Urug
 18476 | Orc:2    | Found a staircase to the Elven Halls.
 18548 | Orc:1    | Found Jikasaw's Jewellery Emporium.
 18598 | Orc:1    | Found Yreh's Antique Armour Shop.
 18690 | Orc:1    | Found Luesokh's Magic Scroll Shop.
 18721 | Orc:1    | Bought an uncursed ring of flight for 192 gold pieces
 19086 | Orc:1    | Noticed an orc warlord
 19106 | Orc:1    | Killed an orc warlord
 19142 | Orc:1    | Found Sagekhis's Food Emporium.
 19786 | Shoals:1 | Entered Level 1 of the Shoals
 19824 | Shoals:1 | Noticed a kraken
 20146 | Lair:5   | Found a staircase to the Slime Pits.
 20146 | Lair:5   | Found a viscous altar of Jiyva.
 20254 | Lair:5   | You fall through a shaft!
 20254 | Lair:6   | Entered Level 6 of the Lair of Beasts
 20254 | Lair:6   | Found a frozen archway.
 20266 | IceCv    | Entered an ice cave
 20308 | IceCv    | Found a transporter.
 20329 | IceCv    | Found a transporter.
 20332 | IceCv    | Reached skill level 5 in Throwing
 20456 | Lair:6   | Reached skill level 16 in Evocations
 20531 | Lair:6   | Reached XP level 15. HP: 84/124 MP: 26/26
 22387 | Shoals:4 | Entered Level 4 of the Shoals
 23174 | Shoals:4 | Reached skill level 17 in Evocations
 23192 | Shoals:4 | Got a barnacled rune of Zot
 24412 | Lair:1   | Killed grocchini's ghost
 25113 | Lair:2   | Noticed Harold
 25121 | Lair:2   | Killed Harold
 25189 | Lair:2   | Gained mutation: Your flesh is heat resistant. (rF+)
                  | [potion of mutation]
 25189 | Lair:2   | Gained mutation: You are surrounded by a mild repulsion
                  | field. (EV +2) [potion of mutation]
 25189 | Lair:2   | Gained mutation: You passively map a small area around you.
                  | [potion of mutation]
 25296 | Lair:2   | Found a runed translucent gate.
 25296 | Lair:2   | Found a runed translucent gate.
 25296 | Lair:2   | Found a runed translucent gate.
 25300 | Lair:2   | Noticed Pad's ghost (journeyman GrEE)
 25317 | Lair:2   | Killed Pad's ghost
 26941 | Snake:1  | Killed Imimil's ghost
 27547 | D:13     | Reached XP level 16. HP: 106/132 MP: 27/27
 28081 | D:13     | Reached skill level 18 in Evocations
 29316 | D:14     | Found the +8 glaive of the Guard {elec, +Rage AC+5 SInv}
 29548 | D:14     | Found Hyleeho's Jewellery Shop.
 29676 | D:14     | Found a gate to the Vaults.
 29788 | D:15     | Entered Level 15 of the Dungeon
 30054 | D:15     | Reached skill level 10 in Throwing
 31034 | D:15     | Found an opulent altar of Gozag.
 31563 | D:15     | Found a staircase to the Depths.
 31576 | Depths:1 | Entered Level 1 of the Depths
 32023 | Orc:2    | Reached skill level 19 in Evocations
 32419 | Orc:2    | Found Iwoas's Antique Armour Boutique.
 33163 | Elf:1    | Entered Level 1 of the Elven Halls
 33245 | Orc:2    | Found Calip's Jewellery Emporium.
 33263 | Orc:2    | Bought the ring "Rexunu" {+Blink +Inv rPois rC+} for 903
                  | gold pieces
 33284 | Orc:2    | Found Egywk's Antique Weapon Emporium.
 33297 | Orc:2    | Bought a crude great mace for 333 gold pieces
 33303 | Orc:2    | Identified the +9 great mace of Dominance {flame, rElec rF+
                  | Dex+6} (You bought it in a shop on level 2 of the Orcish
                  | Mines)
 33527 | Orc:2    | Found a roughly hewn altar of Beogh.
 33933 | Orc:2    | Bought a glowing morningstar for 203 gold pieces
 33936 | Orc:2    | Bought a glowing demon whip for 522 gold pieces
 33939 | Orc:2    | Bought a glowing lajatang for 522 gold pieces
 34295 | Elf:1    | Cast into level 4 of the Abyss (+1 scimitar of distortion)
 34417 | Abyss:4  | Reached XP level 17. HP: 108/138 MP: 29/29
 34769 | Abyss:4  | Gained mutation: Your flesh is cold resistant. (rC+)
                  | [potion of mutation]
 35168 | Abyss:4  | HP: 5/110 [starcursed mass/accursed screaming (7)]
 35173 | Abyss:4  | Killed from afar by a starcursed mass

Skill      XL: |  1  2  3  4  5  6  7  8  9 10 11 12 13 14 15 16 |
---------------+-------------------------------------------------+-----
Armour         | 4 5 6 7 8 9 |  9.3
Fighting       | 4 5 6 7 8 9 |  9.3
Shields        | 4 5 6 7 8 9 |  9.3
Axes           | 3 4 5 6 8 |  8.8
Short Blades   | 2 4 5 |  5.7
Stealth        | 2 3 4 |  4.9
Throwing       | 2 3 5 8 11 | 11.4
Staves         | 2 9 12 | 12.1
Evocations     | 1 6 9 13 16 17 19 | 19.5

Action                   |  1- 3 |  4- 6 |  7- 9 | 10-12 | 13-15 | 16-18 || total
-------------------------+-------+-------+-------+-------+-------+-------++-------
Melee: War axe           |    55 |    18 |       |       |       |       ||    73
       Headbutt          |    12 |    21 |    58 |   187 |   238 |   181 ||   697
       Hand axe          |       |    55 |   319 |   112 |       |       ||   486
       Staff             |       |       |       |   678 |  1038 |   670 ||  2386
 Fire: Blowgun           |       |       |       |     9 |       |       ||     9
Throw: Tomahawk          |     2 |       |   135 |     3 |    94 |    84 ||   318
       Stone             |       |       |    50 |       |       |       ||    50
Invok: Shadow Step       |       |       |     2 |     1 |       |       ||     3
       Shadow Form       |       |       |       |       |       |     1 ||     1
 Abil: Evoke Flight      |       |       |       |       |     9 |       ||     9
Evoke: Wand              |       |       |     3 |     2 |    26 |    13 ||    44
       Sack of spiders   |       |       |       |       |     1 |       ||     1
  Use: Potion            |     2 |       |       |     5 |    19 |     6 ||    32
       Scroll            |       |     7 |     4 |     6 |    22 |     9 ||    48
 Stab: Paralysed         |       |       |       |       |     2 |       ||     2
       Invisible         |       |       |       |       |       |     1 ||     1
  Eat: Ration            |       |     3 |     3 |     4 |    12 |     5 ||    27
       Chunk             |       |       |    11 |     9 |    10 |     6 ||    36
Armor: Scale mail        |    25 |    41 |    11 |       |       |       ||    77
       Chain mail        |       |       |    88 |   315 |   402 |   204 ||  1009
       Skin              |       |       |       |       |     4 |       ||     4
Dodge: Dodged            |    14 |    22 |    74 |   207 |   229 |   162 ||   708
Block: Shield            |    26 |    15 |   176 |   418 |   489 |   310 ||  1434
